cohdb
Replays
Latest Replays
All Replays
Popular Replays
Top Player Replays
Match Explorer
How It Works
Community
CoH3 Stats
Reddit
Sign in to upload your games and track your stats! →
Sign in with Steam
Match 39635959
Unlisted
Match 39635959
Overview
Messages
Build Orders
End
Kradschützen Motorcycle Team
Panzergrenadier Squad
Panzergrenadier Squad
Construct Light Support Kompanie
MG34 Team
Selects Panzerjäger Kommand Battlegroup
Selects Mine Fields
Construct Mechanized Kompanie
Selects Tank Busters
Panzerjäger Mechanized Group
8 Rad Armored Car
2.5-tonne Medical Truck
Selects Defensive Positions
8 Rad Armored Car
Marder III Tank Destroyer
Construct Panzerarmee Kommand
Selects Butterfly Bomb Drop
Butterfly Bomb Drop
MG34 Team
Armored Reserves
Panzerpioneer Squad
Panzer IV Assault Group
Butterfly Bomb Drop
Panzer III L Medium Tank
Selects Crew Shock Tactics
Emergency Repair Kits
Butterfly Bomb Drop
Butterfly Bomb Drop
Veteran Squad Leaders
Butterfly Bomb Drop
Selects Elefant Tank Destroyer
Tiger Heavy Tank
Saueee
rocketpossum
0
0
Comments
sign in to comment!
No comments posted yet!